TOP OF THE 1ST |
Shelby HS Rockets batting - Pitching for Dublin Jerome HS Celtics : LHP Pablo Ortíz
|
Pitching: LHP Pablo Ortíz
|
|
Batting: LHB Justin Tubridy
|
0-0: Ball 1-0: Called Strike 1-1: Swinging Strike 1-2: Ball 2-2: Foul Ball, location: 2F 2-2: Strikes out swinging
|
Batting: RHB Robbie Weatherdon
|
0-0: Called Strike 0-1: Ball 1-1: Ball 2-1: Foul Ball, location: 2F 2-2: Foul Ball, location: 2F 2-2: Ball 3-2: Strikes out swinging
|
Batting: LHB Dave Cannon
|
0-0: Ball 1-0: Ball 2-0: Ball 3-0: Called Strike 3-1: SINGLE (Groundball, 34S)
|
Batting: RHB Sean Merritt
|
0-0: Called Strike 0-1: Foul Ball, location: 2F 0-2: Strikes out looking
|
Top of the 1st over - 0 run(s), 1 hit(s), 0 error(s), 1 left on base; Shelby HS 0 - Dublin Jerome HS 0 |
BOTTOM OF THE 1ST |
Dublin Jerome HS Celtics batting - Pitching for Shelby HS Rockets : LHP Mark Andrews
|
Pitching: LHP Mark Andrews
|
|
Batting: LHB Paul Holcomb
|
0-0: Called Strike 0-1: Fly out, F6 (Popup, 6D)
|
Batting: RHB Cy Wilcox
|
0-0: Swinging Strike 0-1: Ball 1-1: Foul Ball, location: 2F 1-2: Ground out 2-3 (Groundball, 13S)
|
Batting: RHB Pedro Polanco
|
0-0: Foul Ball, location: 2F 0-1: Foul Ball, location: 2F 0-2: SINGLE (Flyball, 7S)
|
Batting: SHB Pete Jones
|
0-0: Ball 1-0: Ball 2-0: Ball 3-0: Called Strike 3-1: Base on Balls Pedro Polanco to second
|
Batting: RHB Craig Hicks
|
0-0: Foul Ball, location: 2F 0-1: Fly out, F9 (Flyball, 89M)
|
Bottom of the 1st over - 0 run(s), 1 hit(s), 0 error(s), 2 left on base; Shelby HS 0 - Dublin Jerome HS 0 |
TOP OF THE 2ND |
Shelby HS Rockets batting - Pitching for Dublin Jerome HS Celtics : LHP Pablo Ortíz
|
Batting: RHB David Randall
|
0-0: Called Strike 0-1: SINGLE (Line Drive, 6)
|
Batting: RHB Joseph Brown
|
0-0: Ball 1-0: Ball 2-0: Ball 3-0: Called Strike 3-1: Base on Balls David Randall to second
|
Batting: RHB Julius Bell
|
0-0: DOUBLE (Line Drive, 9LM) David Randall scores Joseph Brown to third
|
Batting: LHB Bill Williams
|
0-0: Ball 1-0: Ball 2-0: Foul Ball, location: 2F 2-1: Foul Ball, location: 2F 2-2: Strikes out swinging
|
Batting: RHB Javier Concepción
|
0-0: Called Strike 0-1: Called Strike 0-2: Foul Ball, location: 2F 0-2: Ball 1-2: Strikes out swinging
|
Batting: LHB Justin Tubridy
|
0-0: Called Strike 0-1: Ball 1-1: Called Strike 1-2: Ball 2-2: Ball 3-2: Strikes out looking
|
Top of the 2nd over - 1 run(s), 2 hit(s), 0 error(s), 2 left on base; Shelby HS 1 - Dublin Jerome HS 0 |
BOTTOM OF THE 2ND |
Dublin Jerome HS Celtics batting - Pitching for Shelby HS Rockets : LHP Mark Andrews
|
Batting: RHB Deron McClendon
|
0-0: Ball 1-0: Ball 2-0: Ball 3-0: Base on Balls
|
Batting: RHB David Silva
|
0-0: Called Strike 0-1: Ball 1-1: Foul Ball, location: 2F 1-2: Fly out, F2 (Popup, 2RF)
|
Batting: RHB Garrett Hinton
|
0-0: Ball 1-0: Foul Ball, location: 2F 1-1: Foul Ball, location: 2F 1-2: Strikes out looking
|
Batting: LHB Dale González
|
0-0: Fly out, F7 (Line Drive, 7M)
|
Bottom of the 2nd over - 0 run(s), 0 hit(s), 0 error(s), 1 left on base; Shelby HS 1 - Dublin Jerome HS 0 |
TOP OF THE 3RD |
Shelby HS Rockets batting - Pitching for Dublin Jerome HS Celtics : LHP Pablo Ortíz
|
Batting: RHB Robbie Weatherdon
|
0-0: Called Strike 0-1: Ball 1-1: Foul Ball, location: 2F 1-2: Ground out 1-3 (Groundball, 15)
|
Batting: LHB Dave Cannon
|
0-0: Foul Ball, location: 2F 0-1: Ball 1-1: Ball 2-1: Foul Ball, location: 2F 2-2: Foul Ball, location: 2F 2-2: Strikes out swinging
|
Batting: RHB Sean Merritt
|
0-0: Called Strike 0-1: Ball 1-1: Fly out, F7 (Flyball, 7M)
|
Top of the 3rd over - 0 run(s), 0 hit(s), 0 error(s), 0 left on base; Shelby HS 1 - Dublin Jerome HS 0 |
BOTTOM OF THE 3RD |
Dublin Jerome HS Celtics batting - Pitching for Shelby HS Rockets : LHP Mark Andrews
|
Batting: LHB Paul Holcomb
|
0-0: Ball 1-0: Called Strike 1-1: SINGLE (Line Drive, 4)
|
Batting: RHB Cy Wilcox
|
0-0: Ball 1-0: Ball 2-0: Called Strike 2-1: Grounds into double play, 6-4-3 (Groundball, 6M)
|
Batting: RHB Pedro Polanco
|
0-0: Called Strike 0-1: Ball 1-1: Ball 2-1: Fly out, F9 (Flyball, 9S)
|
Bottom of the 3rd over - 0 run(s), 1 hit(s), 0 error(s), 0 left on base; Shelby HS 1 - Dublin Jerome HS 0 |
TOP OF THE 4TH |
Shelby HS Rockets batting - Pitching for Dublin Jerome HS Celtics : LHP Pablo Ortíz
|
Batting: RHB David Randall
|
0-0: Called Strike 0-1: Fly out, F9 (Flyball, 89M)
|
Batting: RHB Joseph Brown
|
0-0: Ball 1-0: Swinging Strike 1-1: Swinging Strike 1-2: Strikes out swinging
|
Batting: RHB Julius Bell
|
0-0: Called Strike 0-1: Foul Ball, location: 2F 0-2: Ball 1-2: Ball 2-2: Strikes out swinging
|
Top of the 4th over - 0 run(s), 0 hit(s), 0 error(s), 0 left on base; Shelby HS 1 - Dublin Jerome HS 0 |
BOTTOM OF THE 4TH |
Dublin Jerome HS Celtics batting - Pitching for Shelby HS Rockets : LHP Mark Andrews
|
Batting: SHB Pete Jones
|
0-0: Called Strike 0-1: Called Strike 0-2: Ball 1-2: Ball 2-2: Fly out, F9 (Flyball, 9LS)
|
Batting: RHB Craig Hicks
|
0-0: Ball 1-0: Fly out, F8 (Flyball, 8RM)
|
Batting: RHB Deron McClendon
|
0-0: Ball 1-0: Ball 2-0: Foul Ball, location: 2F 2-1: SINGLE (Groundball, 56D)
|
Batting: RHB David Silva
|
0-0: Foul Ball, location: 2F 0-1: Ball 1-1: Ball 2-1: Swinging Strike 2-2: Ball 3-2: Strikes out swinging
|
Bottom of the 4th over - 0 run(s), 1 hit(s), 0 error(s), 1 left on base; Shelby HS 1 - Dublin Jerome HS 0 |
TOP OF THE 5TH |
Shelby HS Rockets batting - Pitching for Dublin Jerome HS Celtics : LHP Pablo Ortíz
|
Batting: LHB Bill Williams
|
0-0: Swinging Strike 0-1: Ball 1-1: Foul Ball, location: 2F 1-2: Foul Ball, location: 2F 1-2: Foul Ball, location: 2F 1-2: Strikes out swinging
|
Pitching: RHP Zach Hutchinson
|
|
Batting: RHB Javier Concepción
|
0-0: Called Strike 0-1: Ball 1-1: Swinging Strike 1-2: Ball 2-2: SINGLE (Line Drive, 89S)
|
Batting: LHB Justin Tubridy
|
0-0: Called Strike 0-1: Ball 1-1: Ball 2-1: Ball 3-1: Called Strike 3-2: Base on Balls Javier Concepción to second
|
Batting: RHB Robbie Weatherdon
|
0-0: SINGLE (Line Drive, 89S) Javier Concepción to third Justin Tubridy to second
|
Batting: LHB Dave Cannon
|
0-0: Called Strike 0-1: Swinging Strike 0-2: Foul Ball, location: 2F 0-2: Strikes out looking
|
Batting: RHB Sean Merritt
|
0-0: Ball 1-0: Called Strike 1-1: Ball 2-1: Ball 3-1: Base on Balls Javier Concepción scores Justin Tubridy to third Robbie Weatherdon to second
|
Batting: RHB David Randall
|
0-0: Ball 1-0: Fly out, F7 (Line Drive, 78M)
|
Top of the 5th over - 1 run(s), 2 hit(s), 0 error(s), 3 left on base; Shelby HS 2 - Dublin Jerome HS 0 |
BOTTOM OF THE 5TH |
Dublin Jerome HS Celtics batting - Pitching for Shelby HS Rockets : LHP Mark Andrews
|
Batting: RHB Garrett Hinton
|
0-0: Ball 1-0: Ground out U3 (Groundball, 3S)
|
Batting: LHB Dale González
|
0-0: Called Strike 0-1: Ball 1-1: Called Strike 1-2: Strikes out looking
|
Batting: LHB Paul Holcomb
|
0-0: Called Strike 0-1: Foul Ball, location: 2F 0-2: Ball 1-2: Foul Ball, location: 2F 1-2: Ball 2-2: Ball 3-2: Foul Ball, location: 2F 3-2: Foul Ball, location: 2F 3-2: Fly out, F7 (Flyball, 78M)
|
Bottom of the 5th over - 0 run(s), 0 hit(s), 0 error(s), 0 left on base; Shelby HS 2 - Dublin Jerome HS 0 |
TOP OF THE 6TH |
Shelby HS Rockets batting - Pitching for Dublin Jerome HS Celtics : RHP Zach Hutchinson
|
Batting: RHB Joseph Brown
|
0-0: Ball 1-0: Reached on error, E6 (Groundball, 56)
|
Pitching: RHP Phillip Greene
|
|
Batting: RHB Julius Bell
|
0-0: Called Strike 0-1: Fielders Choice at 2nd, 6-4 (Groundball, 6M)
|
Batting: LHB Bill Williams
|
0-0: Swinging Strike 0-1: Ball 1-1: Swinging Strike 1-2: Foul Ball, location: 2F 1-2: Foul Ball, location: 2F 1-2: Ball 2-2: Foul Ball, location: 2F 2-2: Ball 3-2: Foul Ball, location: 2F 3-2: Foul Ball, location: 2F 3-2: Base on Balls Julius Bell to second
|
Batting: RHB Javier Concepción
|
0-0: Called Strike 0-1: 3-RUN HOME RUN (Flyball, 7D), Distance : 394 ft
|
Batting: LHB Justin Tubridy
|
0-0: Ball 1-0: DOUBLE (Groundball, 5L)
|
Batting: RHB Robbie Weatherdon
|
0-0: Ball 1-0: Foul Ball, location: 2F 1-1: Swinging Strike 1-2: SINGLE (Line Drive, 89M) Justin Tubridy to third
|
Batting: LHB Dave Cannon
|
0-0: Ball 1-0: Ball 2-0: Ball 3-0: Called Strike 3-1: Called Strike 3-2: Foul Ball, location: 2F 3-2: Strikes out swinging
|
Batting: RHB Sean Merritt
|
0-0: Called Strike 0-1: Ball 1-1: Fly out, F8 (Flyball, 8RM)
|
Top of the 6th over - 3 run(s), 3 hit(s), 1 error(s), 2 left on base; Shelby HS 5 - Dublin Jerome HS 0 |
BOTTOM OF THE 6TH |
Dublin Jerome HS Celtics batting - Pitching for Shelby HS Rockets : LHP Mark Andrews
|
Batting: RHB Cy Wilcox
|
0-0: Ball 1-0: Ball 2-0: SINGLE (Line Drive, 56D)
|
Batting: RHB Pedro Polanco
|
0-0: Foul Ball, location: 2F 0-1: Grounds into double play, 6-4-3 (Groundball, 6)
|
Batting: SHB Pete Jones
|
0-0: SINGLE (Line Drive, 78S)
|
Batting: RHB Craig Hicks
|
0-0: Ball 1-0: Called Strike 1-1: Fly out, F9 (Flyball, 9M)
|
Bottom of the 6th over - 0 run(s), 2 hit(s), 0 error(s), 1 left on base; Shelby HS 5 - Dublin Jerome HS 0 |
TOP OF THE 7TH |
Shelby HS Rockets batting - Pitching for Dublin Jerome HS Celtics : RHP Phillip Greene
|
Batting: RHB David Randall
|
0-0: Foul Ball, location: 2F 0-1: Ball 1-1: Swinging Strike 1-2: Strikes out swinging
|
Batting: RHB Joseph Brown
|
0-0: Ball 1-0: Called Strike 1-1: Foul Ball, location: 2F 1-2: Strikes out swinging
|
Batting: RHB Julius Bell
|
0-0: Ball 1-0: Ball 2-0: Fly out, F9 (Line Drive, 9M)
|
Top of the 7th over - 0 run(s), 0 hit(s), 0 error(s), 0 left on base; Shelby HS 5 - Dublin Jerome HS 0 |
BOTTOM OF THE 7TH |
Dublin Jerome HS Celtics batting - Pitching for Shelby HS Rockets : LHP Mark Andrews
|
Pitching: LHP Robin Bergeron
|
|
Batting: RHB Deron McClendon
|
0-0: Swinging Strike 0-1: Ball 1-1: Ball 2-1: Called Strike 2-2: SINGLE (Groundball, 56)
|
Batting: RHB David Silva
|
0-0: Ball 1-0: Ball 2-0: Foul Ball, location: 2F 2-1: Ball 3-1: Base on Balls Deron McClendon to second
|
Batting: RHB Garrett Hinton
|
0-0: Swinging Strike 0-1: Fielders Choice at 2nd, 6-4 (Groundball, 6M) Deron McClendon to third
|
Batting: LHB Dale González
|
0-0: Ball 1-0: Ball 2-0: Ball 3-0: Base on Balls Garrett Hinton to second
|
Batting: LHB Paul Holcomb
|
0-0: Called Strike 0-1: Ball 1-1: Swinging Strike 1-2: Grounds out, U3 (Groundball, 3L) Deron McClendon scores Garrett Hinton to third
|
Batting: RHB Cy Wilcox
|
0-0: Ball 1-0: Ball 2-0: Ball 3-0: Base on Balls
|
Batting: RHB Pedro Polanco
|
0-0: Ball 1-0: Ball 2-0: SINGLE (Line Drive, 89S) Garrett Hinton scores Dale González to third Cy Wilcox to second
|
Batting: SHB Pete Jones
|
0-0: Fly out, F7 (Flyball, 7M)
|
Bottom of the 7th over - 2 run(s), 2 hit(s), 0 error(s), 3 left on base; Shelby HS 5 - Dublin Jerome HS 2 |
TOP OF THE 8TH |
Shelby HS Rockets batting - Pitching for Dublin Jerome HS Celtics : RHP Phillip Greene
|
Pitching: RHP Theron Little
|
|
Batting: LHB Bill Williams
|
0-0: Called Strike 0-1: Fly out, F5 (Popup, 5F)
|
Batting: RHB Javier Concepción
|
0-0: Ball 1-0: Ball 2-0: Called Strike 2-1: Fly out, F9 (Flyball, 9M)
|
Batting: LHB Justin Tubridy
|
0-0: Called Strike 0-1: Called Strike 0-2: Strikes out swinging
|
Top of the 8th over - 0 run(s), 0 hit(s), 0 error(s), 0 left on base; Shelby HS 5 - Dublin Jerome HS 2 |
BOTTOM OF THE 8TH |
Dublin Jerome HS Celtics batting - Pitching for Shelby HS Rockets : LHP Robin Bergeron
|
Batting: RHB Craig Hicks
|
0-0: Called Strike 0-1: Ball 1-1: Fly out, F9 (Flyball, 89M)
|
Batting: RHB Deron McClendon
|
0-0: Ball 1-0: Ball 2-0: Foul Ball, location: 2F 2-1: Swinging Strike 2-2: Foul Ball, location: 2F 2-2: Ball 3-2: Base on Balls
|
Pitching: RHP Homer Moore
|
|
Batting: RHB David Silva
|
0-0: DOUBLE (Flyball, 8RM) Deron McClendon to third
|
Batting: RHB Garrett Hinton
|
0-0: Ball 1-0: Fly out, F9 (Flyball, 89M)
|
Pitching: LHP Gustavo Maldonado
|
|
Batting: LHB Dale González
|
0-0: Ball 1-0: Foul Ball, location: 2F 1-1: Foul Ball, location: 2F 1-2: Strikes out swinging
|
Bottom of the 8th over - 0 run(s), 1 hit(s), 0 error(s), 2 left on base; Shelby HS 5 - Dublin Jerome HS 2 |
TOP OF THE 9TH |
Shelby HS Rockets batting - Pitching for Dublin Jerome HS Celtics : RHP Theron Little
|
Batting: RHB Robbie Weatherdon
|
0-0: Ball 1-0: Ball 2-0: Fly out, F8 (Flyball, 8LM)
|
Batting: LHB Dave Cannon
|
0-0: Ball 1-0: Foul Ball, location: 2F 1-1: Swinging Strike 1-2: Foul Ball, location: 2F 1-2: Ball 2-2: Strikes out looking
|
Batting: RHB Sean Merritt
|
0-0: Called Strike 0-1: Called Strike 0-2: Strikes out swinging
|
Top of the 9th over - 0 run(s), 0 hit(s), 0 error(s), 0 left on base; Shelby HS 5 - Dublin Jerome HS 2 |
BOTTOM OF THE 9TH |
Dublin Jerome HS Celtics batting - Pitching for Shelby HS Rockets : LHP Gustavo Maldonado
|
Pitching: RHP Randy Pearce
|
|
Batting: LHB Paul Holcomb
|
0-0: Swinging Strike 0-1: Swinging Strike 0-2: Ball 1-2: Strikes out swinging
|
Batting: RHB Cy Wilcox
|
0-0: Ball 1-0: Ball 2-0: SINGLE (Line Drive, 4D)
|
Batting: RHB Pedro Polanco
|
0-0: Ball 1-0: Foul Ball, location: 2F 1-1: Called Strike 1-2: Ball 2-2: Ball 3-2: Base on Balls Cy Wilcox to second
|
Batting: SHB Pete Jones
|
0-0: Foul Ball, location: 2F 0-1: Ball 1-1: Ground out U3 (Groundball, 3S) Cy Wilcox to third Pedro Polanco to second
|
Batting: RHB Craig Hicks
|
0-0: Called Strike 0-1: Ball 1-1: Swinging Strike 1-2: Ball 2-2: Ball 3-2: SINGLE (Line Drive, 9S) Cy Wilcox scores Pedro Polanco to third Pedro Polanco scores
|
Batting: RHB Deron McClendon
|
0-0: Ball 1-0: Ball 2-0: Ball 3-0: Called Strike 3-1: Fly out, F9 (Flyball, 89M)
|
Bottom of the 9th over - 2 run(s), 2 hit(s), 0 error(s), 1 left on base; Shelby HS 5 - Dublin Jerome HS 4 |
|